 Dungeon Crawl Stone Soup version 0.22.0-38-g04b72b8c25 (webtiles) character file.

2305 MirrMurr the Grappler (level 9, -16/78 (80) HPs)
             Began as a Troll Monk on Aug 27, 2018.
             Was a Believer of Ru.
             Demolished by an orc warrior
             ... wielding a +0 trident
              (18 damage)
             ... on level 7 of the Dungeon on Aug 28, 2018.
             The game lasted 00:14:36 (5047 turns).

MirrMurr the Grappler (Troll Monk)                  Turns: 5047, Time: 00:14:36

HP:   -16/78 (80)   AC:  7    Str: 21    XL:     9   Next: 18%
MP:   8/8           EV: 10    Int: 13    God:    Ru [**....]
Gold: 299           SH:  0    Dex: 14    Spells: 8/8 levels left

rFire    . . .     SeeInvis .     - Unarmed
rCold    + . .     Gourm    +   (no shield)
rNeg     . . .     Faith    .   s - +2 robe {rC+}
rPois    .         Spirit   .   (helmet restricted)
rElec    .         Reflect  .   (no cloak)
rCorr    .         Harm     .   (gloves unavailable)
MR       .....                  (boots unavailable)
Stlth    ++........             (no amulet)
HPRegen  0.63/turn              y - ring of wizardry
MPRegen  0.11/turn              k - +6 ring of intelligence

@: no status effects
A: large, unfitting armour, claws 3, fast metabolism 3, gourmand, regeneration
1, shaggy fur 1, tough skin 2, no charms magic, no earth magic, no hexes magic,
magic vulnerability 1
a: Renounce Religion


You were on level 7 of the Dungeon.
You worshipped Ru.
Ru was pleased with you.
You were full.

You visited 2 branches of the dungeon, and saw 8 of its levels.

You collected 299 gold pieces.

Inventory:

Hand Weapons
 q - a +2 blowgun
Missiles
 c - 95 sling bullets
 g - 140 stones (quivered)
 j - 28 poisoned needles
 m - 3 needles of confusion
Armour
 s - a +2 robe of cold resistance (worn)
Jewellery
 k - a +6 ring of intelligence (right claw)
 t - an uncursed ring of ice
 y - a ring of wizardry (left claw)
Wands
 d - a wand of scattershot (7)
 i - a wand of flame (1)
 n - a wand of polymorph (8)
 o - a wand of iceblast (10)
 C - a wand of disintegration (17)
Scrolls
 a - a scroll of fear
 p - a scroll of magic mapping
 r - 2 scrolls of remove curse
 w - a scroll of blinking
 A - a scroll of amnesia
 B - a scroll of immolation
Potions
 e - 2 potions of invisibility
 f - 3 potions of curing
 h - a potion of mutation
 l - 3 potions of lignification
 u - a potion of cancellation
 v - a potion of brilliance
 x - a potion of magic
 z - a potion of heal wounds
Comestibles
 b - 10 rations


   Skills:
 - Level 2.4 Fighting
 + Level 6.3 Throwing
 - Level 2.4 Dodging
 - Level 1.0 Stealth
 * Level 10.4 Unarmed Combat


You had 8 spell levels left.
You didn't know any spells.
Your spell library contained the following spells:

 Spells                   Type           Power        Failure   Level  Hunger
 Gell's Gravitas          Tloc           #.........   34%         3    ####...
 Confusing Touch          Hex            Unusable     N/A         1    N/A
 Confuse                  Hex            Unusable     N/A         3    N/A
 Petrify                  Tmut/Erth      Unusable     N/A         4    N/A
 Metabolic Englaciation   Hex/Ice        Unusable     N/A         5    N/A
 Yara's Violent Unravell  Hex/Tmut       Unusable     N/A         5    N/A

Dungeon Overview and Level Annotations

Branches:
Dungeon (7/15)             Temple (1/1) D:4

Altars:
Dithmenos
Fedhas
Makhleb
Nemelex Xobeh
Ru
Vehumet
Zin
The Shining One

Annotations:
D:4 1 runed door, Mandevil's ghost, amateur GrWz


Innate Abilities, Weirdness & Mutations

You are too large for most types of armour.
You have claws for hands.
Your metabolism is lightning-fast.
You like to eat raw meat.
Your natural rate of healing is unusually fast.
You are covered in fur. (AC +1)
You have very tough skin. (AC +2)
You cannot study or cast Charms magic.
You cannot study or cast Earth magic.
You cannot study or cast Hexes magic.
You are slightly vulnerable to magic. (MR-)


Message History

You scratch the orc priest.
The orc priest is heavily wounded.
The orc priest begins to pray, but is stunned by your will!
The orc warrior hits you with a trident.
* * * LOW HITPOINT WARNING * * *
You scratch the orc priest.
The orc priest is heavily wounded.
The orc hits you but does no damage.
The orc priest hits you but does no damage.
You scratch the orc priest.
The orc priest is severely wounded.
The orc warrior hits you with a trident!
* * * LOW HITPOINT WARNING * * *
The orc hits you but does no damage. The orc priest hits you.
* * * LOW HITPOINT WARNING * * *
Unknown command.
You barely miss the orc priest. You claw the orc priest.
You kill the orc priest!
The orc warrior hits you with a trident!!
You die...

#.#%# #<#.##
#.#..# #
#.##.# ..
#.##.#
#.##.##.###
#.........#
#..#...)###
#.....@o).#
.......†o..#
..........##
.##.#......#
...#.###.##
.## #. .# #.
.# #. .#


You could see an orc warrior and an orc.

Vanquished Creatures
  A hornet zombie (D:6)
  A phantom (D:5)
  5 necrophages (D:6)
  5 ogres
  2 crimson imps
  2 centaur zombies (D:6)
  A bullfrog zombie (D:6)
  4 hounds
  A bullfrog skeleton (D:4)
  7 orc priests
  2 iguanas
  8 orc wizards
  5 worker ants
  2 hound zombies (D:6)
  A hound skeleton (D:7)
  A worker ant zombie (D:6)
  12 gnolls
  4 adders
  2 shadow imps (D:6)
  An ooze (D:3)
  An adder skeleton (D:4)
  3 worms
  3 dart slugs
  5 leopard geckos
  30 orcs
  3 ball pythons (D:1)
  7 bats
  5 giant cockroaches
  6 goblins
  7 hobgoblins
  4 jackals (D:3)
  8 kobolds
  3 quokkas
  5 frilled lizards
  A leopard gecko zombie (D:5)
  A quokka zombie (D:5)
  9 rats
168 creatures vanquished.

Vanquished Creatures (others)
  The ghost of Artagas the Magician, a weakling DEFE (D:3)
  2 bushes (D:6)
  5 plants (D:6)
8 creatures vanquished.

Grand Total: 176 creatures vanquished

Notes
Turn   | Place    | Note
-------+----------+-------------------------------------------
     0 | D:1      | MirrMurr the Troll Monk began the quest for the Orb.
     0 | D:1      | Reached XP level 1. HP: 22/22 MP: 0/0
    62 | D:1      | Found a sparkling altar of Nemelex Xobeh.
    70 | D:1      | Reached XP level 2. HP: 23/29 MP: 1/1
   196 | D:1      | Reached skill level 1 in Throwing
   311 | D:1      | Reached XP level 3. HP: 34/36 MP: 2/2
   894 | D:2      | Reached skill level 4 in Unarmed Combat
  1109 | D:2      | Reached XP level 4. HP: 44/44 MP: 3/3
  1311 | D:2      | Found a sacrificial altar of Ru.
  1341 | D:2      | Became a worshipper of Ru the Awakened
  1353 | D:2      | Gained mutation: You cannot study or cast Earth magic. [Ru sacrifice]
  1353 | D:2      | Gained mutation: You cannot study or cast Hexes magic. [Ru sacrifice]
  1353 | D:2      | Gained mutation: You cannot study or cast Charms magic. [Ru sacrifice]
  1353 | D:2      | Reached * piety under Ru
  1690 | D:3      | HP: 2/66 [orc priest/flail (3)]
  1691 | D:3      | Reached skill level 5 in Unarmed Combat
  1691 | D:3      | Reached XP level 5. HP: 2/50 MP: 4/4
  1916 | D:3      | Found a runed door.
  1919 | D:3      | Noticed Artagas's ghost (weakling DEFE)
  1964 | D:3      | Reached XP level 6. HP: 31/59 MP: 5/5
  2144 | D:3      | Found a glowing golden altar of the Shining One.
  2385 | D:3      | Killed Artagas's ghost
  2385 | D:3      | Reached skill level 6 in Unarmed Combat
  2469 | D:4      | Found a staircase to the Ecumenical Temple.
  2478 | Temple   | Entered the Ecumenical Temple
  2533 | D:4      | Reached XP level 7. HP: 37/66 MP: 6/6
  2536 | D:4      | Reached skill level 7 in Unarmed Combat
  2717 | D:4      | Found a runed door.
  2718 | D:4      | Noticed Mandevil's ghost (amateur GrWz)
  2762 | D:4      | Noticed an angel
  2763 | D:4      | Found a glowing silver altar of Zin.
  2978 | D:5      | Entered Level 5 of the Dungeon
  3051 | D:5      | Gained mutation: You are slightly vulnerable to magic. (MR-) [Ru sacrifice]
  3051 | D:5      | Reached ** piety under Ru
  3281 | D:5      | Reached skill level 8 in Unarmed Combat
  3400 | D:5      | Reached XP level 8. HP: 51/74 MP: 7/7
  3735 | D:5      | Reached skill level 5 in Throwing
  4160 | D:6      | Found a shadowy altar of Dithmenos.
  4241 | D:6      | Reached skill level 9 in Unarmed Combat
  4417 | D:6      | Found a blossoming altar of Fedhas.
  4744 | D:6      | Found a radiant altar of Vehumet.
  4744 | D:6      | Found a burning altar of Makhleb.
  4955 | D:6      | Reached skill level 10 in Unarmed Combat
  4960 | D:6      | Reached XP level 9. HP: 67/78 MP: 8/8
  5046 | D:7      | HP: 2/78 [orc warrior/trident (11)]
  5047 | D:7      | Demolished by an orc warrior

Skill      XL: |  1  2  3  4  5  6  7  8 |
---------------+-------------------------+-----
Throwing       | 1 2 3 4 6 |  6.3
Unarmed Combat | 4 5 6 8 10 | 10.4
Fighting       | |  2.4
Dodging        | |  2.4
Stealth        | |  1.0

Action                   |  1- 3 |  4- 6 |  7- 9 || total
-------------------------+-------+-------+-------++-------
Melee: Unarmed           |    81 |   171 |   215 ||   467
       Punch             |     1 |     4 |    12 ||    17
Invok: Sacrifice Arcana  |       |     1 |       ||     1
       Sacrifice Essence |       |       |     1 ||     1
       Reject Sacrifices |       |       |     1 ||     1
  Use: Scroll            |       |     7 |    13 ||    20
       Potion            |       |     3 |       ||     3
 Stab: Sleeping          |     4 |     3 |     4 ||    11
       Invisible         |       |     2 |       ||     2
  Eat: Chunk             |    16 |    13 |    20 ||    49
Armor: Robe              |    33 |    42 |    49 ||   124
       Skin              |       |    27 |       ||    27
Dodge: Dodged            |    34 |    70 |   103 ||   207
